AoeStats
← ivcrk826

Black Forest

506393764Analyzed
4v4 RM · 19d ago on Sep 13, 2026· 55m 41s· 8 players
Game mode
Random Map
Map size
Large (8 player)
Population
200
Speed
Normal
Resources
Standard
Victory
Conquest
Starting age
Dark Age
Ending age
Imperial Age
RankedLock teamsTeams togetherTeam positionsShared explorationLock speedFull tech treeHidden civsTurbo modeCheats
Victory
Defeat
🇨🇿 Gurjaras · Czechia
1541
+11
🇧🇷 Bohemians · Brazil
1529
+12
🇨🇴 Spanish · Colombia
1455
+15
🇨🇿 Britons · Czechia
1426
+16
🇨🇳 Mongols · China
1465
-15
🇦🇷 Saracens · Argentina
1449
-14
🇧🇷 Japanese · Brazil
1447
-14
🇨🇳 Hindustanis · China
1364
-11
菜鸟的春天
10:42 Feudal Age
12:31 Double-Bit Axe
14:53 Castle Age
13:27 Horse Collar
16:12 Bow Saw
21:39 Wheelbarrow
21:15 Loom
27:40 Imperial Age
25:05 Gold Mining
25:06 Stone Mining
25:23 Scale Barding Armor
25:30 Forging
26:32 Gold Shaft Mining
26:03 Heavy Plow
26:46 Chain Barding Armor
27:43 Hand Cart
27:42 Heavy Camel Rider
28:59 Plate Barding Armor
29:00 Iron Casting
29:27 Husbandry
29:37 Bloodlines
29:59 Town Watch
29:39 Imperial Camel Rider
30:54 Caravan
33:55 Blast Furnace
32:57 Grand Trunk Road
33:19 Conscription
34:05 Coinage
35:16 Chemistry
34:44 Ballistics
35:11 Shatagni
36:11 Banking
35:35 Fletching
35:46 Padded Archer Armor
35:48 Squires
35:33 Arson
37:18 Bodkin Arrow
37:39 Leather Archer Armor
37:41 Fortified Wall
37:27 Murder Holes
37:44 Masonry
37:51 Light Cavalry
39:28 Bracer
39:59 Ring Archer Armor
43:02 Hoardings
43:41 Scale Mail Armor
43:30 Hussar
46:36 Chain Mail Armor
52:54 Thumb Ring
52:11 Elite Skirmisher
53:14 Pikeman
ivcrk826
0:29 Loom
12:42 Feudal Age
17:44 Castle Age
18:27 Double-Bit Axe
19:39 Bow Saw
20:30 Horse Collar
26:04 Wheelbarrow
31:05 Imperial Age
28:52 Fletching
29:24 Ballistics
29:52 Crossbowman
30:56 Bodkin Arrow
31:22 Gold Mining
31:06 Capped Ram
31:48 Bracer
32:52 Chemistry
32:04 Arbalester
32:51 Thumb Ring
33:19 Siege Ram
34:22 Onager
36:52 Gold Shaft Mining
37:00 Conscription
36:37 Siege Onager
38:49 Counterweights
39:23 Siege Engineers
38:58 Treadmill Crane
39:29 Masonry
42:34 Padded Archer Armor
43:21 Caravan
43:51 Elite Mameluke
44:40 Scale Mail Armor
44:47 Scale Barding Armor
47:10 Elite Skirmisher
48:33 Chain Barding Armor
48:24 Forging
54:02 Iron Casting
54:00 Leather Archer Armor
Xrouma
10:01 Loom
12:00 Feudal Age
13:56 Double-Bit Axe
14:11 Horse Collar
17:10 Castle Age
16:43 Forging
16:55 Gold Mining
17:12 Scale Barding Armor
21:16 Bow Saw
21:40 Bloodlines
23:47 Wheelbarrow
23:42 Heavy Plow
27:11 Gold Shaft Mining
27:50 Stone Mining
29:31 Hand Cart
29:52 Stone Shaft Mining
34:48 Imperial Age
32:26 Fletching
33:06 Husbandry
34:44 Ballistics
35:07 Thumb Ring
35:16 Bodkin Arrow
35:53 Padded Archer Armor
36:20 Parthian Tactics
36:33 Bracer
37:17 Conscription
37:20 Leather Archer Armor
38:38 Chemistry
37:28 Capped Ram
37:59 Elite Mangudai
39:56 Siege Ram
41:04 Caravan
42:46 Drill
42:06 Light Cavalry
43:39 Chain Barding Armor
43:53 Hussar
47:13 Iron Casting
50:00 Blast Furnace
49:20 Onager
50:09 Nomads
50:54 Siege Engineers
51:47 Siege Onager
52:40 Masonry
逆·风
1:03 Loom
17:42 Feudal Age
18:18 Double-Bit Axe
22:42 Castle Age
20:26 Horse Collar
21:35 Stone Mining
22:17 Fletching
23:55 Heavy Plow
30:47 Wheelbarrow
30:19 Town Watch
31:58 Scale Mail Armor
32:30 Bodkin Arrow
32:46 Forging
34:14 Bow Saw
35:21 Chain Mail Armor
35:45 Forging
35:50 Hand Cart
36:54 Hand Cart
40:21 Imperial Age
38:15 Yasama
38:20 Squires
37:41 Pikeman
39:04 Iron Casting
38:30 Padded Archer Armor
39:37 Ballistics
38:58 Treadmill Crane
39:29 Masonry
39:57 Town Patrol
39:51 Arson
39:52 Gambesons
41:40 Plate Mail Armor
41:31 Conscription
40:40 Halberdier
42:40 Blast Furnace
41:55 Gold Mining
43:19 Chemistry
42:45 Bracer
42:45 Man-at-Arms
43:44 Leather Archer Armor
45:36 Guard Tower
47:00 Fortified Wall
47:31 Keep
46:45 Arrowslits
51:36 Siege Engineers
54:08 Ring Archer Armor
53:00 Elite Skirmisher
53:24 Elite Skirmisher
55:44 Thumb Ring
THE CID
13:10 Feudal Age
16:49 Castle Age
14:50 Double-Bit Axe
15:08 Horse Collar
15:46 Gold Mining
17:54 Bow Saw
18:28 Wheelbarrow
18:38 Heavy Plow
21:47 Loom
24:52 Forging
28:28 Hand Cart
35:32 Imperial Age
35:26 Padded Archer Armor
35:52 Stone Mining
35:53 Elite Conquistador
37:19 Fletching
37:33 Elite Skirmisher
40:24 Chemistry
40:23 Bodkin Arrow
40:13 Onager
55:26 Pikeman
maniak
0:54 Loom
1:34 Loom
12:26 Feudal Age
16:11 Castle Age
14:18 Double-Bit Axe
14:42 Horse Collar
17:19 Bow Saw
22:46 Wheelbarrow
24:57 Heavy Plow
25:34 Gold Mining
25:36 Stone Mining
30:15 Imperial Age
28:17 Treadmill Crane
28:29 Town Watch
29:35 Fletching
29:46 Padded Archer Armor
31:03 Gold Shaft Mining
30:56 Town Patrol
31:05 Bodkin Arrow
31:26 Leather Archer Armor
31:38 Ballistics
32:19 Chemistry
32:25 Two-Man Saw
31:45 Hand Cart
31:51 Caravan
32:21 Conscription
32:11 Bracer
32:19 Siege Engineers
32:34 Elite Longbowman
33:10 Pikeman
33:50 Squires
35:33 Ring Archer Armor
35:04 Scale Mail Armor
34:52 Arson
34:27 Halberdier
34:54 Gambesons
35:42 Heated Shot
36:21 Yeomen
36:37 Forging
39:31 Chain Mail Armor
39:51 Iron Casting
40:15 Fortified Wall
40:16 Masonry
42:55 Hoardings
43:29 Warwolf
43:29 Murder Holes
44:05 Architecture
43:21 Arrowslits
44:15 Plate Mail Armor
44:46 Blast Furnace
52:35 Man-at-Arms
Mr_Asphalt
10:31 Feudal Age
14:21 Castle Age
12:34 Double-Bit Axe
13:49 Horse Collar
18:20 Bow Saw
19:26 Heavy Plow
22:48 Stone Mining
23:40 Gold Mining
23:59 Loom
26:33 Wheelbarrow
29:10 Imperial Age
27:16 Fletching
27:26 Padded Archer Armor
27:50 Ballistics
27:11 Treadmill Crane
27:41 Masonry
28:41 Gold Shaft Mining
28:42 Stone Shaft Mining
28:03 Bodkin Arrow
28:14 Scale Barding Armor
29:52 Kshatriyas
31:26 Chemistry
30:59 Architecture
31:03 Bloodlines
30:54 Husbandry
31:18 Elite Elephant Archer
32:51 Bracer
33:06 Leather Archer Armor
33:04 Forging
33:20 Conscription
33:36 Thumb Ring
34:19 Hand Cart
34:38 Caravan
34:47 Light Cavalry
35:53 Murder Holes
36:35 Iron Casting
36:21 Chain Barding Armor
36:03 Siege Elephant
36:46 Heavy Camel Rider
38:04 Elite Chakram Thrower
39:12 Frontier Guards
39:01 Hussar
46:38 Hoardings
Sorrateiro
0:37 Loom
15:39 Feudal Age
19:31 Castle Age
17:44 Double-Bit Axe
18:03 Horse Collar
19:22 Town Watch
21:16 Bow Saw
21:08 Heavy Plow
22:52 Wheelbarrow
26:34 Fortified Wall
28:52 Hand Cart
33:49 Imperial Age
32:14 Caravan
33:24 Chemistry
35:34 Two-Man Saw
34:47 Guilds
35:36 Conscription
35:32 Fervor
36:10 Siege Engineers
36:31 Treadmill Crane
37:17 Sanctity
38:00 Ballistics
38:24 Coinage
38:29 Wagenburg Tactics
39:29 Banking
39:07 Husbandry
38:41 Houfnice
39:40 Elite Hussite Wagon
41:56 Padded Archer Armor
41:59 Town Patrol
42:22 Bombard Tower
41:52 Guard Tower
42:13 Masonry
43:00 Leather Archer Armor
44:16 Keep
45:22 Fletching
46:03 Ring Archer Armor
46:04 Architecture
45:22 Arrowslits
48:30 Bodkin Arrow
48:33 Murder Holes
50:00 Bracer
Connection lost

Rejoining the realm…

Still unreachable

The connection could not be restored.

Session expired

The server has moved on; the page needs a fresh start.